 Dungeon Crawl Stone Soup version 0.25-a0-829-g4e6a552925 (webtiles) character file.

Game seed: 17856932672022174286, levelgen mode: deterministic

93316 zorro123 the Executioner (level 16, -2/152 HPs)
             Began as a Hill Orc Berserker on Apr 21, 2020.
             Was a High Priest of Trog.
             Slain by a shock serpent (3 damage)
             ... on level 1 of the Snake Pit.
             The game lasted 02:03:32 (29506 turns).

zorro123 the Executioner (Hill Orc Berserker)      Turns: 29506, Time: 02:03:32

Health: -2/152     AC: 19    Str: 23    XL:     16   Next: 8%
Magic:  22/22      EV:  9    Int:  7    God:    Trog [*****.]
Gold:   1461       SH:  0    Dex: 10    Spells: 15/15 levels left

rFire    + + +     SeeInvis .   T - +9 executioner's axe (vorpal)
rCold    + . .     Gourm    .   (shield currently unavailable)
rNeg     . . .     Faith    +   G - +0 chain mail {rPois}
rPois    +         Spirit   .   D - +0 helmet
rElec    +         Reflect  .   (no cloak)
rCorr    +         Harm     .   O - +0 pair of gloves
MR       +....                  N - +2 pair of boots of Bitterness {rF+ rCorr Str-4 Slay+5}
Stlth    ..........             x - amulet of faith
HPRegen  0.35/turn              h - ring of poison resistance
MPRegen  0.18/turn              Q - ring of protection from fire

@: confused, resistant
A: no striking features
a: Berserk, Trog's Hand, Brothers in Arms, Renounce Religion


You were on level 1 of the Snake Pit.
You worshipped Trog.
Trog was extremely pleased with you.
You were not hungry.

You visited 4 branches of the dungeon, and saw 23 of its levels.
You also visited: Ossuary.

You collected 1461 gold pieces.

Inventory:

Hand Weapons
 g - a +4 battleaxe of flaming
 C - a +4 antimagic battleaxe
 T - a +9 vorpal executioner's axe (weapon)
 W - a +7 antimagic war axe
Armour
 D - a +0 helmet (worn)
 G - a +0 chain mail of poison resistance (worn)
 N - the +2 pair of boots of Bitterness (worn) {rF+ rCorr Str-4 Slay+5}
   (You found it on level 6 of the Dungeon)

   It affects your strength (-4).
   It affects your accuracy and damage with ranged weapons and melee attacks
   (+5).
   It protects you from fire.
   It provides partial protection from all sources of acid and corrosion.
 O - a +0 pair of gloves (worn)
 V - a +0 plate armour
Jewellery
 h - a ring of poison resistance (left hand)
 l - an uncursed ring of protection from cold {unknown}
 x - an amulet of faith (around neck)
 E - a +2 ring of strength
 L - an uncursed ring of flight
 Q - a ring of protection from fire (right hand)
Wands
 a - a wand of scattershot (7)
 b - a wand of acid (12)
 f - a wand of flame (63)
 A - a wand of digging (11)
 B - a wand of iceblast (28)
Scrolls
 d - 9 scrolls of teleportation
 i - 13 scrolls of remove curse
 j - 2 scrolls of silence {unknown}
 k - 4 scrolls of enchant armour
 o - a scroll of magic mapping {unknown}
 p - 3 scrolls of amnesia {unknown}
 q - a scroll of enchant weapon
 r - 3 scrolls of identify
 t - 3 scrolls of blinking {unknown}
 y - 3 scrolls of fog {unknown}
 I - 3 scrolls of immolation {unknown}
 J - a scroll of summoning {unknown}
 M - 6 scrolls of fear {unknown}
 P - a scroll of holy word {unknown}
 R - a scroll of vulnerability {unknown}
 Y - a scroll of acquirement {unknown}
Potions
 e - a potion of resistance
 s - 2 potions of haste
 u - 5 potions of mutation
 z - 6 potions of lignification
 F - 2 potions of berserk rage
 H - 10 potions of curing {unknown}
 K - 3 potions of stabbing {unknown}
 S - 2 potions of might {unknown}
 X - a potion of magic {unknown}
 Z - 2 potions of brilliance {unknown}
Miscellaneous
 n - a lightning rod (4/4)
Comestibles
 c - 27 rations


   Skills:
 * Level 16.5 Fighting
 * Level 23.4 Axes
 + Level 12.1 Armour
 - Level 1.5 Dodging
 * Level 8.8 Evocations


You had 15 spell levels left.
You didn't know any spells.
Your spell library was empty.

Dungeon Overview and Level Annotations

Branches:
Dungeon (15/15)            Temple (0/1) D:7            Lair (6/6) D:11
 Shoals (0/4) Lair:2        Snake (1/4) Lair:3        Slime (0/5) Lair:5
    Orc (1/2) D:11         Vaults (0/5) D:13        Ossuary (visited)
 Depths: D:15

Altars:
Elyvilon
Fedhas
Kikubaaqudgha
Makhleb
Qazlal
Trog
Uskayaw
Vehumet
Jiyva

Annotations:
D:5 2 transporters, 15rune's ghost, novice GrFi
D:11 3 runed translucent doors, Majang's ghost, journeyman FoFi
Lair:4 3 runed translucent doors, Ceoqa's ghost, journeyman OgWz


Message History

The shock serpent shocks you. You resist.
* * * LOW HITPOINT WARNING * * *
The black mamba bites you but does no damage.
You closely miss the shock serpent. You closely miss the black mamba.
The black mamba bites you but does no damage.
The shock serpent bites you!
* * * LOW HITPOINT WARNING * * *
The shock serpent shocks you. You resist.
* * * LOW HITPOINT WARNING * * *
The shock serpent bites you!
* * * LOW HITPOINT WARNING * * *
The shock serpent shocks you. You resist.
* * * LOW HITPOINT WARNING * * *
The black mamba bites you but does no damage.
You are confused.
You feel invigorated. The black mamba barely misses you.
The shock serpent bites you!
* * * LOW HITPOINT WARNING * * *
The shock serpent shocks you. You resist.
You die...

####### .....##
.....### #.....#
#####.....##
###.S†.......##
####...#@...÷..<.#
#.S.S###S........#
#N..#####......).[.#
..N..##
...........))# ##
.).#
...###........## ..#
.. ..##
#.........##...## .
. #......#........#
#.......##........
.........#######..


You could see a shock serpent and a black mamba.

Vanquished Creatures
  2 acid blobs (Lair:5)
  Agnes (D:14)
  Kirke (Lair:6)
  Azrael (D:13)
  Josephine (D:10)
  2 naga warriors (Snake:1)
  An ice dragon (D:12)
  8 vault guards (D:13)
  4 hydras
  Erica (D:9)
  An anaconda (Snake:1)
  5 catoblepae
  2 centaur warriors
  An alligator (Lair:6)
  3 two-headed ogres
  12 death yaks
  A shock serpent (Snake:1)
  An unseen horror (D:12)
  A wizard (D:14)
  3 orc knights (D:11)
  A lindwurm (Lair:4)
  Pikel (D:3)
  A wolf spider (Lair:6)
  9 ugly things
  5 manticores
  A salamander (Snake:1)
  11 elephants
  4 cyclopes
  10 black mambas
  A gargoyle (D:15)
  12 komodo dragons
  8 spiny frogs
  2 kobold demonologists
  2 rime drakes
  A komodo dragon (shapeshifter) (D:14)
  3 tengu conjurers
  2 polar bears
  2 trolls (D:9)
  Prince Ribbit (Lair:3)
  11 blink frogs
  9 slime creatures
  7 dream sheep (Lair:6)
  13 hippogriffs
  2 water elementals (D:14)
  2 centaur simulacra (D:12)
  4 wyverns
  A shadow (D:14)
  41 yaks
  A vampire (D:8)
  5 wraiths
  3 fire elementals (D:13)
  3 hogs (Lair:6)
  A hungry ghost (D:9)
  3 basilisks
  A warg (D:11)
  5 nagas
  A soldier ant (D:11)
  14 water moccasins
  3 porcupines
  4 hell hounds (D:13)
  5 ice beasts
  7 sky beasts
  12 orc warriors
  4 phantoms
  A black bear (D:10)
  An eye of draining (D:14)
  A necrophage (D:8)
  5 centaurs
  24 wolves
  4 ogres
  9 crocodiles
  11 big kobolds
  14 bullfrogs
  Blork the orc (D:4)
  A wyvern zombie (D:10)
  4 scorpions
  A wyvern skeleton (D:6)
  4 killer bees
  8 howler monkeys
  3 wights
  6 crimson imps
  11 electric eels
  7 orc priests
  3 centaur zombies
  4 quasits
  A bullfrog zombie (D:9)
  A human zombie (Ossuary)
  2 centaur skeletons
  5 hounds
  A jelly (D:8)
  10 orc wizards
  An iguana (D:10)
  Ijyb (D:4)
  7 hell rats
  9 worker ants
  2 big kobold zombies (Ossuary)
  A hound zombie (D:9)
  A hound skeleton (D:8)
  3 mummies (Ossuary)
  A worker ant zombie (D:11)
  7 gnolls
  2 howler monkey skeletons
  12 adders
  3 shadow imps
  4 white imps (D:12)
  2 oozes
  2 adder zombies
  2 adder skeletons (D:6)
  2 worms
  A dart slug (D:5)
  10 leopard geckos
  49 orcs
  A ball python (D:4)
  6 bats
  6 giant cockroaches
  A gnoll zombie (Ossuary)
  15 goblins
  18 hobgoblins
  4 jackals
  4 quokkas
  A ball python zombie (D:5)
  2 frilled lizards
  2 goblin zombies (Ossuary)
  A jackal skeleton (D:5)
  38 kobolds
  A kobold zombie (Ossuary)
  A quokka zombie (D:7)
  9 rats
  5 fungi
  7 plants
678 creatures vanquished.

Vanquished Creatures (collateral kills)
  2 blink frogs
2 creatures vanquished.

Vanquished Creatures (others)
  An adder skeleton (D:4)
  2 kobolds (D:12)
  14 fungi
  13 plants
30 creatures vanquished.

Grand Total: 710 creatures vanquished

Notes
Turn   | Place    | Note
-------+----------+-------------------------------------------
     0 | D:1      | zorro123 the Hill Orc Berserker began the quest for the
                  | Orb.
     0 | D:1      | Reached XP level 1. HP: 19/19 MP: 1/1
    75 | D:1      | Reached XP level 2. HP: 17/27 MP: 2/2
   748 | D:1      | Reached XP level 3. HP: 35/35 MP: 3/3
   799 | D:1      | Reached skill level 5 in Fighting
  1135 | D:2      | Reached ** piety under Trog
  1836 | D:3      | Reached XP level 4. HP: 40/42 MP: 4/4
  1913 | D:3      | Found a white marble altar of Elyvilon.
  1916 | D:3      | Found a radiant altar of Vehumet.
  2496 | D:4      | Noticed Ijyb
  2514 | D:4      | Killed Ijyb
  2514 | D:4      | Reached XP level 5. HP: 50/50 MP: 5/5
  2575 | D:4      | Noticed Pikel
  2575 | D:4      | Noticed a slave
  2575 | D:4      | Noticed a slave
  2575 | D:4      | Noticed a slave
  2613 | D:3      | Killed Pikel
  2613 | D:3      | Reached skill level 5 in Armour
  2613 | D:3      | Reached XP level 6. HP: 32/61 MP: 6/6
  2613 | D:3      | Reached XP level 7. HP: 35/67 MP: 7/7
  3258 | D:4      | Noticed Blork the orc
  3268 | D:4      | Killed Blork the orc
  3918 | D:4      | Reached *** piety under Trog
  4261 | D:5      | Entered Level 5 of the Dungeon
  4283 | D:5      | Reached XP level 8. HP: 75/75 MP: 8/8
  4354 | D:5      | Found a sand-covered staircase.
  4364 | Ossuary  | Entered an ossuary
  4427 | Ossuary  | Reached skill level 5 in Axes
  4690 | D:5      | Noticed a yak
  4691 | D:5      | Found a transporter.
  4692 | D:5      | Noticed 15rune's ghost (novice GrFi)
  4704 | D:5      | Found a transporter.
  4730 | D:5      | Reached skill level 6 in Axes
  4776 | D:5      | Reached skill level 7 in Axes
  5535 | D:6      | Reached skill level 8 in Axes
  5579 | D:6      | Reached **** piety under Trog
  5627 | D:6      | Got a pair of jewelled boots
  5638 | D:6      | Identified the +2 pair of boots of Bitterness {rF+ rCorr
                  | Str-4 Slay+5} (You found it on level 6 of the Dungeon)
  5837 | D:6      | Reached XP level 9. HP: 80/83 MP: 9/9
  5992 | D:6      | Reached skill level 9 in Axes
  6194 | D:7      | Found a staircase to the Ecumenical Temple.
  6290 | D:7      | You fall into a shaft and drop 2 floors!
  6449 | D:7      | Found a burning altar of Makhleb.
  6450 | D:7      | Found an ancient bone altar of Kikubaaqudgha.
  6461 | D:7      | Reached skill level 10 in Axes
  6710 | D:7      | Found a bloodstained altar of Trog.
  6710 | D:7      | Found a stormy altar of Qazlal.
  6711 | D:7      | Found a hide-covered altar of Uskayaw.
  6922 | D:8      | Reached skill level 10 in Fighting
  6922 | D:8      | Reached skill level 11 in Axes
  6959 | D:8      | Reached ***** piety under Trog
  6959 | D:8      | Received a gift from Trog
  7143 | D:8      | Reached skill level 12 in Axes
  7519 | D:9      | Reached XP level 10. HP: 39/93 MP: 10/10
  7809 | D:9      | Noticed a red ugly thing
  7825 | D:9      | Killed a red ugly thing
  7825 | D:9      | Reached skill level 13 in Axes
  8002 | D:9      | Noticed Erica
  8011 | D:9      | Found a blossoming altar of Fedhas.
  8036 | D:9      | Killed Erica
  8036 | D:9      | Reached skill level 1 in Evocations
  8261 | D:9      | Noticed a centaur warrior
  8266 | D:9      | Received a gift from Trog
  8266 | D:9      | Reached skill level 14 in Axes
  8271 | D:9      | Killed a centaur warrior
  8676 | D:9      | Reached XP level 11. HP: 98/102 MP: 12/12
  8785 | D:10     | Entered Level 10 of the Dungeon
  8829 | D:10     | Noticed a two-headed ogre
  8833 | D:10     | Noticed Josephine
  8845 | D:10     | Killed a two-headed ogre
  8858 | D:10     | Killed Josephine
  8858 | D:10     | Reached skill level 15 in Axes
  9748 | D:10     | Received a gift from Trog
  9993 | D:11     | Noticed a cyan ugly thing
  9993 | D:11     | Noticed a death yak
  9993 | D:11     | Noticed a death yak
  9993 | D:11     | Noticed a two-headed ogre
  9999 | D:11     | Noticed a death yak
 10007 | D:11     | Killed a death yak
 10007 | D:11     | Reached skill level 16 in Axes
 10012 | D:11     | Killed a cyan ugly thing
 10024 | D:11     | HP: 5/105 [death yak (12)]
 10036 | D:11     | HP: 2/105 [death yak (10)]
 10040 | D:10     | Killed a death yak
 10410 | D:10     | Killed a death yak
 10488 | D:10     | Reached XP level 12. HP: 106/113 MP: 13/15
 10923 | D:11     | Found a staircase to the Lair.
 10927 | D:11     | Killed a two-headed ogre
 11024 | D:11     | Found a staircase to the Orcish Mines.
 11031 | D:11     | Reached skill level 17 in Axes
 11403 | D:11     | Found a runed translucent gate.
 11403 | D:11     | Found a runed translucent gate.
 11403 | D:11     | Found a runed translucent gate.
 11407 | D:11     | Noticed Majang's ghost (journeyman FoFi)
 11997 | D:12     | Received a gift from Trog
 12946 | D:12     | Reached skill level 18 in Axes
 13078 | D:12     | Reached skill level 5 in Evocations
 13730 | D:12     | Noticed an ice dragon
 13739 | D:12     | Received a gift from Trog
 13746 | D:12     | Killed an ice dragon
 13993 | D:13     | Noticed a centaur warrior
 14003 | D:13     | Killed a centaur warrior
 14003 | D:13     | Reached XP level 13. HP: 105/122 MP: 15/17
 14412 | D:13     | Noticed a vault guard
 14412 | D:13     | Noticed a vault guard
 14412 | D:13     | Noticed a vault guard
 14712 | D:13     | Killed a vault guard
 14805 | Lair:1   | Entered Level 1 of the Lair of Beasts
 14845 | Lair:1   | Reached skill level 19 in Axes
 14965 | Lair:1   | Found a bloodstained altar of Trog.
 16706 | Lair:2   | Reached skill level 10 in Armour
 17110 | Lair:2   | Found a staircase to the Shoals.
 17155 | Lair:2   | Received a gift from Trog
 18215 | Lair:3   | Noticed Prince Ribbit
 18544 | Lair:3   | Found a staircase to the Snake Pit.
 18635 | Lair:3   | Reached skill level 20 in Axes
 18881 | Lair:3   | Killed Prince Ribbit
 19236 | Lair:4   | Found a runed translucent gate.
 19237 | Lair:4   | Found a runed translucent gate.
 19483 | Lair:4   | Reached XP level 14. HP: 112/133 MP: 18/18
 19996 | Lair:4   | Found a runed translucent gate.
 19998 | Lair:4   | Noticed Ceoqa's ghost (journeyman OgWz)
 20075 | Lair:4   | Found a viscous altar of Jiyva.
 20264 | Lair:5   | Received a gift from Trog
 20486 | Lair:5   | Found a runed translucent door.
 20486 | Lair:5   | Found a viscous altar of Jiyva.
 20486 | Lair:5   | Found a staircase to the Slime Pits.
 20486 | Lair:5   | Noticed an acid blob
 20486 | Lair:5   | Noticed an acid blob
 20522 | Lair:5   | HP: 6/133 [acid (5)]
 20531 | Lair:4   | HP: 6/133 [bullfrog (2)]
 20999 | Lair:5   | Killed an acid blob
 21146 | Lair:5   | Reached skill level 21 in Axes
 21479 | Lair:5   | Killed an acid blob
 21828 | Lair:5   | Reached skill level 15 in Fighting
 22129 | Lair:6   | Entered Level 6 of the Lair of Beasts
 24261 | Lair:6   | Reached XP level 15. HP: 141/141 MP: 20/20
 24261 | Lair:6   | Noticed Kirke
 24433 | Lair:6   | Received a gift from Trog
 24856 | Lair:6   | Killed Kirke
 24856 | Lair:6   | Reached skill level 22 in Axes
 25632 | Orc:1    | Entered Level 1 of the Orcish Mines
 26276 | D:13     | Found a gate to the Vaults.
 26318 | D:13     | Received a gift from Trog
 26807 | D:13     | Noticed Azrael
 26830 | D:13     | Killed Azrael
 27488 | D:14     | Reached skill level 23 in Axes
 27712 | D:14     | Noticed Agnes
 27716 | D:14     | Killed Agnes
 28249 | D:15     | Entered Level 15 of the Dungeon
 28334 | D:15     | Received a gift from Trog
 28779 | Snake:1  | Entered Level 1 of the Snake Pit
 28800 | Snake:1  | Reached XP level 16. HP: 47/152 MP: 22/22
 29506 | Snake:1  | HP: 1/152 [shock serpent (10)]
 29506 | Snake:1  | Slain by a shock serpent

Levels and vault maps discovered:
D:1:      dpeg_arrival_morbid_curiosity, layout_basic
D:2:      layout_loops_ring
D:3:      layout_loops_ring, grunt_temple_overflow_open, first_ration,
          st_stairs_4
D:4:      kennysheep_the_goblin_king, layout_basic, nicolae_zen_rock_garden,
          uniq_ijyb, uniq_pikel, uniq_blork_the_orc
D:5:      layout_rooms, chequers_ossuary_entry_cave, gammafunk_ghost_arena
D:6:      layout_basic
D:7:      layout_loops_ring, gammafunk_temple_overflow_claw,
          chequers_temple_overflow_statue_of_worship,
          minmay_temple_entry_stoned_glass
D:8:      layout_loops_ring
D:9:      minmay_tri_box, layout_loops_cross, nicolae_overflow_crystal_walls,
          uniq_erica
D:10:     layout_basic, serial_corexii_hall, corexii_hall_statues_l,
          corexii_hall_statues_x, uniq_josephine
D:11:     layout_roguey, dpeg_lair_monsters, orc_0_dummy,
          gammafunk_ghost_spectres, grunt_ogre_cave
D:12:     layout_rooms, serial_ice, serial_ice_i, serial_ice_b, serial_ice_c,
          serial_ice_h, portal_ice_cave_entry_animals_and_master
D:13:     layout_roguey, erik_vaults_2, uniq_azrael
D:14:     layout_cave_pools, serial_park_paths [serial_park_minivault_5x5_7],
          serial_bayou_lagoon_b, uniq_agnes
D:15:     hangedman_depths_entry_civil_slaughter, layout_basic, basic_altar,
          serial_bayou_pond_b, bh_walls_and_bars
Lair:1:   layout_hall_layers, basic_altar, serial_bayou_pond_e,
          serial_bayou_lake_a
Lair:2:   layout_gridlike, minmay_shoals_entry_beasts, minmay_shattered_shrine
Lair:3:   layout_chaotic_city, guppyfry_snake_entry_garden,
          serial_bayou_shore_a, lemuel_fruit_tree, uniq_prince_ribbit2
Lair:4:   layout_cave_pods, gammafunk_ghost_ooze
Lair:5:   layout_roguey, slime_altar_2
Lair:6:   evilmike_catoblepas_cave, layout_loops_ring,
          hangedman_lair_generics_rect, uniq_kirke
Snake:1:  nrook_guardian_serpent_snake_passage, layout_onion, special_room,
          statue_in_the_mist_lemuel
Orc:1:    layout_caves, guppyfry_orc_lava_fort

Skill      XL: |  1  2  3  4  5  6  7  8  9 10 11 12 13 14 15 |
---------------+----------------------------------------------+-----
Fighting       | 4 5 6 7 8 9 10 11 12 13 14 15 16 | 16.5
Armour         | 3 5 6 7 8 9 10 11 12 | 12.1
Axes           | 8 12 14 16 18 20 21 23 | 23.4
Evocations     | 2 4 5 6 7 8 |  8.8
Dodging        | |  1.5

Action                   |  1- 3 |  4- 6 |  7- 9 | 10-12 | 13-15 | 16-18 || total
-------------------------+-------+-------+-------+-------+-------+-------++-------
Melee: Hand axe          |   131 |   115 |       |       |       |       ||   246
       Whip              |       |       |    57 |       |       |       ||    57
       Battleaxe         |       |       |   310 |   212 |    31 |       ||   553
       Executioner's axe |       |       |       |   196 |   680 |    20 ||   896
       Broad axe         |       |       |       |     6 |    44 |       ||    50
Invok: Berserk           |     1 |     2 |     1 |     7 |     4 |       ||    15
       Trog's Hand       |       |       |       |       |     5 |       ||     5
       Brothers in Arms  |       |       |       |       |     2 |       ||     2
  Use: Scroll            |       |       |     2 |     9 |    12 |       ||    23
       Potion            |       |       |       |     4 |     6 |     2 ||    12
 Stab: Invisible         |       |       |       |       |     1 |       ||     1
  Eat: Chunk             |     4 |     4 |    13 |    20 |    28 |       ||    69
       Ration            |       |       |     1 |     3 |     7 |     1 ||    12
Armor: Animal skin       |     3 |       |       |       |       |       ||     3
       Ring mail         |    41 |    59 |     5 |       |       |       ||   105
       Chain mail        |       |       |   229 |   156 |       |    12 ||   397
       Plate armour      |       |       |       |   112 |   503 |     1 ||   616
Dodge: Dodged            |    79 |    78 |   177 |   187 |   260 |     7 ||   788
Block: Kite shield       |       |       |     2 |       |       |       ||     2

Table legend:
 A = Non-vault XP
 B = Vault XP
 C = Vault XP percentage of total XP
 D = Non-vault monster count
 E = Vault monster count
 F = Vault count percentage of total count
                 A         B        C        D         E       F
            +---------+---------+-------+---------+---------+-------
      Total |   74645 |   58664 |  44.0 |     518 |     150 |  22.5
            +---------+---------+-------+---------+---------+-------
        D:1 |      36 |       8 |  18.2 |      17 |       4 |  19.0
        D:2 |      36 |       0 |   0.0 |      18 |       0 |   0.0
        D:3 |      53 |     597 |  91.8 |      21 |       4 |  16.0
        D:4 |     232 |     142 |  38.0 |      15 |       9 |  37.5
        D:5 |     509 |       0 |   0.0 |      17 |       0 |   0.0
        D:6 |     640 |       0 |   0.0 |      20 |       0 |   0.0
        D:7 |     753 |       0 |   0.0 |      27 |       0 |   0.0
        D:8 |    1164 |       0 |   0.0 |      18 |       0 |   0.0
        D:9 |    1667 |    3237 |  66.0 |      30 |       7 |  18.9
       D:10 |    3592 |    3664 |  50.5 |      41 |       9 |  18.0
       D:11 |    5930 |    3797 |  39.0 |      45 |      13 |  22.4
       D:12 |    4451 |    3469 |  43.8 |      32 |      17 |  34.7
       D:13 |    4544 |   10436 |  69.7 |      15 |      16 |  51.6
       D:14 |    7000 |    2007 |  22.3 |      32 |       1 |   3.0
       D:15 |    1289 |    1316 |  50.5 |       6 |       3 |  33.3
     Lair:1 |    3783 |       0 |   0.0 |      24 |       0 |   0.0
     Lair:2 |    4139 |    5369 |  56.5 |      20 |      11 |  35.5
     Lair:3 |    2731 |    1423 |  34.3 |      11 |       7 |  38.9
     Lair:4 |    4770 |       0 |   0.0 |      22 |       0 |   0.0
     Lair:5 |   14764 |    5531 |  27.3 |      39 |       3 |   7.1
     Lair:6 |    6444 |   17471 |  73.1 |      31 |      35 |  53.0
    Snake:1 |    5720 |       0 |   0.0 |       9 |       0 |   0.0
      Orc:1 |     398 |       0 |   0.0 |       8 |       0 |   0.0
    Ossuary |       0 |     197 | 100.0 |       0 |      11 | 100.0
            +---------+---------+-------+---------+---------+-------
